 Dungeon Crawl Stone Soup version 0.32-a0-960-g3814254bd7 (webtiles) character file.

Game seed: 17932907893268519856

3124 Fodor the Spear-Bearer (level 9, -1/79 HPs)
             Began as a Minotaur Fighter on Apr 17, 2024.
             Slain by a large slime creature (31 damage)
             ... on level 7 of the Dungeon.
             The game lasted 00:16:45 (5498 turns).

Fodor the Spear-Bearer (Minotaur Fighter)           Turns: 5498, Time: 00:16:46

Health: -1/79      AC: 16    Str: 20    XL:     9   Next: 60%
Magic:  8/8        EV:  8    Int:  8    God:
Gold:   397        SH:  0    Dex: 11    Spells: 8/8 levels left

rFire   . . .        w - +2 halberd of Votalaum {heavy, rPois Will+ Int+3 Stlth-}
rCold   . . .        (shield currently unavailable)
rNeg    . . .        B - +5 chain mail of Zuddiol {Harm rPois Str-4}
rPois   +            (helmet currently unavailable)
rElec   .            (cloak currently unavailable)
rCorr   .            s - melded +0 pair of gloves
SInv    .            i - melded +0 pair of boots
Will    +....        (no amulet) Stlth
                     (no ring)
HPRegen 0.33/turn    (no ring)
MPRegen 0.11/turn

%: harm (+30% outgoing, +20% incoming)
@: beast-form
A: beast (slay +1), horns 2, retaliatory headbutt
a: Begin Untransformation


You were on level 7 of the Dungeon.
You were a hulking beast.
You visited 2 branches of the dungeon, and saw 8 of its levels.

You collected 397 gold pieces.

Inventory:

Hand Weapons
 a - a +0 war axe
 p - a +0 orcbow
 w - the +2 halberd of Votalaum (weapon) {heavy, rPois Will+ Int+3 Stlth-}
   (You found it on level 3 of the Dungeon)

   Int+3:     It affects your intelligence (+3).
   rPois:     It protects you from poison.
   Will+:     It increases your willpower.
   Stlth-:    It makes you less stealthy.
 F - a +0 glaive
Armour
 c - a +0 buckler
 i - a +0 pair of boots (melded)
 s - a +0 pair of gloves (melded)
 B - the +5 chain mail of Zuddiol (worn) {Harm rPois Str-4}
   (You found it on level 6 of the Dungeon)

   Str-4:     It affects your strength (-4).
   rPois:     It protects you from poison.
   Harm:      It increases damage dealt and taken.
Jewellery
 m - a ring of fire
 C - an amulet of guardian spirit
Talismans
 l - a beast talisman (active)
Wands
 y - a wand of polymorph (11)
 G - a wand of digging (6)
Scrolls
 b - a scroll of vulnerability
 f - a scroll of torment {unknown}
 g - a scroll of noise
 n - a scroll of fear
 q - 2 scrolls of enchant weapon
 r - a scroll of silence
 t - 3 scrolls of teleportation
 A - a scroll of poison
 D - 2 scrolls of immolation {unknown}
Potions
 d - 2 potions of might
 e - 3 potions of resistance {unknown}
 h - 2 potions of enlightenment {unknown}
 j - a potion of ambrosia {unknown}
 k - 2 potions of degeneration {unknown}
 o - a potion of haste {unknown}
 u - a potion of attraction {unknown}
 x - 2 potions of brilliance {unknown}
 z - a potion of mutation {unknown}
 E - a potion of lignification {unknown}


   Skills:
 + Level 7.5 Fighting
 + Level 4.1(7.5) Axes
 + Level 9.8(10.2) Polearms
 + Level 9.1 Armour
 + Level 3.8 Dodging
 + Level 0.5 Stealth
 + Level 4.3 Shields
 + Level 1.8 Shapeshifting


You had 8 spell levels left.
You didn't know any spells.
Your spell library contained the following spells:

 Spells                   Type           Power      Damage    Failure   Level
 Kiss of Death            Conj/Necr      0%         2d5       94%         1
 Summon Small Mammal      Summ           0%         N/A       94%         1
 Call Canine Familiar     Summ           0%         N/A       100%        3
 Confusing Touch          Hex            0%         N/A       100%        3
 Inner Flame              Hex/Fire       0%         N/A       100%        3
 Dispel Undead            Necr           0%         3d6       100%        4
 Flame Wave               Conj/Fire      0%         2d4       100%        4
 Sticky Flame             Fire/Alch      0%         2d4       100%        4
 Summon Blazeheart Golem  Fire/Summ      0%         N/A       100%        4


Dungeon Overview and Level Annotations

Branches:
Dungeon (7/15)             Temple (1/1) D:5

Altars:
Ashenzari
Cheibriados
Dithmenos
Elyvilon
Fedhas
Hepliaklqana
Kikubaaqudgha
Nemelex Xobeh
Okawaru
Qazlal
Ru
Sif Muna
Trog
Uskayaw
Vehumet
Wu Jian
Xom
Yredelemnul
The Shining One

Shops:
D:1 =


Innate Abilities, Weirdness & Mutations

You are a hulking beast.
Your limbs bulge with bestial killing power. (Slay +1)
You have a pair of horns on your head.
You reflexively headbutt those who attack you in melee.


Message History

Two slime creatures merge to form a very large slime creature.
You feel better.
You feel better.
The very large slime creature hits you but does no damage.
You feel better.
The walls and floor vibrate strangely for a moment.
The very large slime creature hits you but does no damage.
You completely miss the very large slime creature.
The very large slime creature is lightly wounded.
A very large slime creature splits.
You impale the large slime creature!!
The large slime creature is moderately wounded.
The large slime creature barely misses you.
You furiously retaliate!
You headbutt the large slime creature! The slime creature hits you.
A large slime creature splits.
You hit the slime creature. You headbutt the slime creature!
The slime creature is severely wounded.
The slime creature hits you.
The slime creature hits you but does no damage.
The slime creature closely misses you. The slime creature barely misses you.
You furiously retaliate!
You headbutt the slime creature! You barely miss the slime creature.
The slime creature is severely wounded.
The slime creature barely misses you. x2
The slime creature hits you but does no damage.
The slime creature closely misses you.
The slime creature hits you but does no damage.
Unknown command.
You slice the slime creature!!
You kill the slime creature!
The slime creature completely misses you.
The slime creature barely misses you. You furiously retaliate!
You headbutt the slime creature. The slime creature hits you.
The slime creature barely misses you. The slime creature closely misses you.
Two slime creatures merge to form a large slime creature.
You skewer the large slime creature like a kebab!!!
You headbutt the large slime creature!
The large slime creature is almost dead.
The large slime creature hits you! The large slime creature hits you!!
You die...

.#.....................
###..#.###..#.##.#...# #
###..#.##........#...#..##.
...........................
###..#.....................
###..#..##..#.##.#...#..##+
<.......##..#.##.#.........
###.##..##..#.##.#.#.......
............#.##h#.#......[
###.##..##..#.##J#.#.#..###
#.##..##...............
###.##......[............
...............#.#.......
###.###.##..##.#.#####..######
#.# #.##..##.#..............
#.. .......................
#####.##..##...#.###.....###


You could see a large slime creature.

Vanquished Creatures
  Pikel (D:6)
  Grinder (D:4)
  3 slime creatures (D:7)
  2 water moccasins
  An ice beast (D:5)
  An orc warrior (D:6)
  A sky beast (D:6)
  An ogre (D:4)
  A black bear (D:5)
  2 centaurs
  3 bullfrogs
  3 scorpions
  5 wights (D:6)
  2 bombardier beetles (D:4)
  A jelly (D:6)
  2 iguanas
  2 orc wizards (D:6)
  A sleepcap (D:7)
  Robin (D:4)
  6 gnolls
  6 adders
  2 white imps
  4 ufetubi
  2 dart slugs (D:4)
  A ribbon worm (D:2)
  14 orcs
  10 bats
  9 endoplasms
  2 giant cockroaches (D:1)
  11 hobgoblins
  2 jackals (D:1)
  10 kobolds
  4 quokkas
  10 ball pythons
  6 frilled lizards
  12 goblins
  6 rats
151 creatures vanquished.

Notes
Turn   | Place    | Note
-------+----------+-------------------------------------------
     0 | D:1      | Fodor the Minotaur Fighter began the quest for the Orb.
     0 | D:1      | Reached XP level 1. HP: 19/19 MP: 0/0
     7 | D:1      | Found Dumuw's Jewellery Shop.
   146 | D:1      | Reached XP level 2. HP: 25/27 MP: 1/1
   586 | D:1      | Reached XP level 3. HP: 30/33 MP: 2/2
   883 | D:2      | Found a faded altar of an unknown god.
   923 | D:2      | Identified the +0 ring mail of the Moon {Int+3}
  1222 | D:3      | Found a bloodstained altar of Trog.
  1223 | D:3      | Found a hazy altar of Hepliaklqana.
  1275 | D:3      | Reached XP level 4. HP: 39/40 MP: 3/3
  1287 | D:3      | Identified the +2 halberd of Votalaum {heavy, rPois Will+
                  | Int+3 Stlth-}
  1758 | D:4      | Noticed a scorpion
  1764 | D:4      | Killed a scorpion
  1765 | D:4      | Reached skill level 1 in Polearms
  1765 | D:4      | Reached skill level 5 in Armour
  1765 | D:4      | Reached XP level 5. HP: 42/47 MP: 4/4
  1766 | D:4      | Reached skill level 1 in Dodging
  1816 | D:4      | Noticed an ogre
  1819 | D:4      | Killed an ogre
  1820 | D:4      | Reached XP level 6. HP: 53/53 MP: 5/5
  1972 | D:4      | Found a basalt altar of Yredelemnul.
  1978 | D:4      | Noticed Robin
  1986 | D:4      | Killed Robin
  2251 | D:4      | Found a radiant altar of Vehumet.
  2370 | D:4      | Noticed Grinder
  2378 | D:4      | Killed Grinder
  2379 | D:4      | Reached skill level 5 in Fighting
  2379 | D:4      | Reached skill level 5 in Polearms
  2379 | D:4      | Reached XP level 7. HP: 61/61 MP: 6/6
  2825 | D:5      | Entered Level 5 of the Dungeon
  3180 | D:5      | Reached XP level 8. HP: 64/70 MP: 7/7
  3265 | D:5      | Found a staircase to the Ecumenical Temple.
  3272 | Temple   | Entered the Ecumenical Temple
  3456 | D:6      | Found a shimmering altar of Xom.
  3623 | D:6      | Identified the +5 chain mail of Zuddiol {Harm rPois Str-4}
  3902 | D:6      | Reached skill level 1 in Shapeshifting
  3949 | D:6      | Noticed Pikel
  3957 | D:6      | Killed Pikel
  3958 | D:6      | Reached XP level 9. HP: 42/78 MP: 8/8
  5498 | D:7      | Slain by a large slime creature

Illustrated notes

Levels and vault maps discovered:
D:1:      dpeg_arrival_rooms_b, layout_basic, serial_shops,
          nicolae_shop_hallway_plus
D:2:      layout_rooms, ebering_ecumenical_altar_petrified, minmay_tetromino_l2
D:3:      layout_rooms, gammafunk_temple_overflow_statue
D:4:      layout_basic, vehumet_crystals, amcnicky_altar_gilded,
          minmay_quantized, uniq_grinder, uniq_robin
D:5:      layout_basic, temple_statues
D:6:      layout_loops_corners, mainiacjoe_overflow_surrounded_room, uniq_pikel
D:7:      layout_basic, lemuel_tele_altar, enter_bailey_5,
          kennysheep_cluttered_room
Temple:   eino_narrow_crystal_temple

Skill      XL: |  1  2  3  4  5  6  7  8  9 |
---------------+----------------------------+-----
Fighting       | 4 5 6 7 |  7.5
Armour         | 4 5 6 8 9 |  9.1
Shields        | 4 |  4.3
Axes           | 3 4 |  4.1
Polearms       | 1 2 5 6 8 9 |  9.8
Dodging        | 1 2 3 |  3.8
Shapeshifting  | 1 |  1.8
Stealth        | |  0.5

Action                     |  1- 3 |  4- 6 |  7- 9 || total
---------------------------+-------+-------+-------++-------
  Melee: War axe           |   120 |     4 |       ||   124
         Headbutt          |    10 |     7 |    15 ||    32
         Halberd           |       |    55 |   114 ||   169
    Use: Scroll            |       |       |     9 ||     9
         Potion            |       |       |     5 ||     5
 Armour: Scale mail        |   125 |    94 |    21 ||   240
         Plate armour      |       |       |    74 ||    74
         Chain mail        |       |       |   116 ||   116
  Dodge: Dodged            |    62 |    52 |   101 ||   215
  Block: Buckler           |    39 |     1 |       ||    40
   Form: Beast             |       |       |     1 ||     1

Table legend: (Time is in decaauts)
 A = Elapsed time spent in this place.
 B = Non-inter-level travel time spent in this place.
 C = Inter-level travel time spent in this place.
 D = Time resting spent in this place.
 E = Time spent auto-exploring this place.
 F = Levels seen in this place.
 G = Mean time per level.
                   A        B        C        D        E       F      G
               +--------+--------+--------+--------+--------+-----+--------+
         Total |   5672 |   5601 |     71 |    383 |   3419 |   8 |  709.0 |
       Dungeon |   5638 |   5567 |     71 |    383 |   3419 |   7 |  805.4 |
        Temple |     33 |     33 |      0 |      0 |      0 |   1 |   33.0 |
               +--------+--------+--------+--------+--------+-----+--------+

Top non-repeatable levels by time:
     D:6: 1447 daAuts
     D:4: 1321 daAuts
     D:1: 821 daAuts
     D:7: 677 daAuts
     D:5: 580 daAuts
     D:2: 408 daAuts
     D:3: 381 daAuts
  Temple: 33 daAuts
